 Dungeon Crawl Stone Soup version 0.27-a0-1312-g5cdb2b3542 (webtiles) character file.

Game seed: 5116555093898826220

236168 avis the Apostle (level 19, 0/174 HPs)
             Began as a Hill Orc Monk on June 19, 2021.
             Was a High Priest of Beogh.
             Slain by a vault guard (26 damage)
             ... led by a vault warden
             ... on level 1 of the Vaults on June 20, 2021.
             The game lasted 06:18:22 (59389 turns).

avis the Apostle (Hill Orc Monk)                   Turns: 59389, Time: 06:18:22

Health: 0/174      AC: 27    Str: 22    XL:     19   Next: 19%
Magic:  28/33      EV: 15    Int: 12    God:    Beogh [*****.]
Gold:   2739       SH: 14    Dex: 16    Spells: 18/18 levels left

rFire    + + .     SeeInvis +   a - +3 war axe (venom)
rCold    . . .     Faith    .   x - +0 kite shield
rNeg     . . .     Spirit   .   d - +7 chain mail "Qoacs" {SInv}
rPois    +         Reflect  .   k - +2 helmet
rElec    +         Harm     .   L - scarf {rC+ rF+}
rCorr    .         Rampage  +   J - +4 pair of gloves "Naz Loph" {Rampage rPois Dex+3}
Will     +....                  K - +0 pair of boots {rampage}
Stlth    ..........             B - amulet of magic regeneration
HPRegen  0.39/turn              e - +4 ring of evasion
MPRegen  0.48/turn              R - ring "Kiahafyehe" {Fire rElec Int+2 Slay+2 SInv}

@: marked
A: walk on water, deformed body
}: 2/15 runes: decaying, gossamer
a: Renounce Religion, Smiting, Recall Orcish Followers, Give Item to Named
Follower


You were on level 1 of the Vaults.
You worshipped Beogh.
Beogh was extremely pleased with you.
You visited 7 branches of the dungeon, and saw 31 of its levels.
You also visited: Bailey.

You collected 4892 gold pieces.
You spent 2153 gold pieces at shops.

Inventory:

Hand Weapons
 a - a +3 war axe of venom (weapon)
 b - a +3 war axe of electrocution
 j - a +1 arbalest of flaming
 t - a +0 longbow
 v - a +0 war axe of electrocution
 w - a +5 morningstar of chaos
Missiles
 c - 114 bolts
 g - 87 boomerangs (quivered)
 l - 13 javelins
 A - 3 throwing nets
Armour
 d - the +7 chain mail "Qoacs" (worn) {SInv}
   (You found it on level 1 of the Spider Nest)

   It lets you see invisible.
 k - a +2 helmet (worn)
 x - a +0 kite shield (worn)
 J - the +4 pair of gloves "Naz Loph" (worn) {Rampage rPois Dex+3}
   (You bought it in a shop on level 1 of the Orcish Mines)

   It affects your dexterity (+3).
   It protects you from poison.
   It bestows one free step when moving towards enemies.
 K - a +0 pair of boots of rampaging (worn)
 L - a scarf of resistance (worn)
Jewellery
 e - a +4 ring of evasion (left hand)
 h - a ring of positive energy
 i - a ring of protection from cold
 m - a ring of flight
 B - an amulet of magic regeneration (around neck)
 R - the ring "Kiahafyehe" (right hand) {Fire rElec Int+2 Slay+2 SInv}
   (You found it on level 6 of the Lair of Beasts)

   [ring of fire]

   It enhances your fire magic.
   It affects your intelligence (+2).
   It affects your accuracy and damage with ranged weapons and melee attacks
   (+2).
   It protects you from fire.
   It makes you vulnerable to cold.
   It insulates you from electricity.
   It lets you see invisible.
Wands
 y - a wand of mindburst (29)
 G - a wand of iceblast (26)
 I - a wand of flame (51)
 U - a wand of charming (1)
 X - a wand of acid (21)
Scrolls
 f - 5 scrolls of fear
 n - 3 scrolls of summoning
 o - 12 scrolls of teleportation
 r - 5 scrolls of fog
 M - 2 scrolls of holy word
 Y - a scroll of magic mapping
Potions
 p - a potion of berserk rage
 q - a potion of brilliance
 s - 2 potions of cancellation
 u - 8 potions of curing
 z - 2 potions of might
 C - 5 potions of haste
 O - a potion of resistance
 P - a potion of magic
 V - 5 potions of ambrosia
 Z - 3 potions of invisibility
Miscellaneous
 D - a condenser vane
 F - a phial of floods
 Q - a phantom mirror


   Skills:
 * Level 16.4 Fighting
 - Level 18.0 Axes
 - Level 15.0 Armour
 - Level 5.0 Dodging
 - Level 1.5 Stealth
 - Level 15.0 Shields
 - Level 20.0 Invocations
 - Level 10.0 Evocations


You had 18 spell levels left.
You didn't know any spells.
Your spell library contained the following spells:

 Spells                   Type           Power      Damage    Failure   Level
 Beastly Appendage        Tmut           0%         N/A       83%         1
 Magic Dart               Conj           0%         1d3       83%         1
 Sandblast                Erth           0%         2d4       83%         1
 Sting                    Tmut/Pois      0%         1d3       83%         1
 Summon Small Mammal      Summ           0%         N/A       83%         1
 Blink                    Tloc           N/A        N/A       93%         2
 Call Imp                 Summ           0%         N/A       93%         2
 Passwall                 Tmut/Erth      0%         N/A       93%         2
 Poisonous Vapours        Pois/Air       0%         N/A       93%         2
 Searing Ray              Conj           0%         3d3       93%         2
 Slow                     Hex            0%         N/A       93%         2
 Wereblood                Tmut           0%         N/A       93%         2
 Call Canine Familiar     Summ           0%         N/A       99%         3
 Conjure Flame            Conj/Fire      0%         6-21      99%         3
 Dazzling Flash           Conj/Hex       0%         N/A       99%         3
 Gell's Gravitas          Tloc           0%         N/A       99%         3
 Ignite Poison            Fire/Tmut/Pois 0%         N/A       99%         3
 Lesser Beckoning         Tloc           0%         N/A       99%         3
 Mephitic Cloud           Conj/Pois/Air  0%         N/A       99%         3
 Spider Form              Tmut/Pois      0%         N/A       99%         3
 Stone Arrow              Conj/Erth      0%         3d7       99%         3
 Summon Guardian Golem    Hex/Summ       0%         N/A       99%         3
 Teleport Other           Tloc           0%         N/A       99%         3
 Animate Armour           Summ/Erth      0%         N/A       100%        4
 Fulminant Prism          Conj/Hex       0%         3d6       100%        4
 Ice Form                 Ice/Tmut       0%         N/A       100%        4
 Iskenderun's Mystic Bla  Conj/Tloc      0%         2d3       100%        4
 Leda's Liquefaction      Hex/Erth       0%         N/A       100%        4
 Olgreb's Toxic Radiance  Pois           0%         N/A       100%        4
 Petrify                  Tmut/Erth      0%         N/A       100%        4
 Summon Ice Beast         Ice/Summ       0%         N/A       100%        4
 Summon Lightning Spire   Summ/Air       0%         N/A       100%        4
 Blade Hands              Tmut           0%         N/A       100%        5
 Bolt of Magma            Conj/Fire/Erth 0%         4d4       100%        5
 Freezing Cloud           Conj/Ice/Air   0%         6-21      100%        5
 Irradiate                Conj/Tmut      0%         3d13      100%        5
 Lee's Rapid Deconstruct  Erth           0%         3d5*      100%        5
 Manifold Assault         Tloc           0%         N/A       100%        5
 Iron Shot                Conj/Erth      0%         9d1       100%        6
 Statue Form              Tmut/Erth      0%         N/A       100%        6
 Dragon Form              Tmut           0%         N/A       100%        7
 Storm Form               Tmut/Air       0%         N/A       100%        7
 Shatter                  Erth           0%         3d5*      100%        9


Dungeon Overview and Level Annotations

Branches:
Dungeon (13/15)            Temple (1/1) D:6            Lair (6/6) D:9
  Swamp (4/4) Lair:2       Spider (4/4) Lair:4        Slime (0/5) Lair:5
    Orc (2/2) D:9             Elf (0/3) Orc:2        Vaults (1/5) D:13
 Bailey (visited)

Altars:
Fedhas
Hepliaklqana
Nemelex Xobeh
Qazlal
Xom
Zin
Beogh
Jiyva

Shops:
D:6 [   D:7 *   D:13 !   Orc:1 ((*[   Orc:2 :?(?

Portals:
Pandemonium: Orc:2

Annotations:
Swamp:3 2 transporters
Vaults:1 1 runed translucent door, mantisjm's ghost, veteran HOFi


Innate Abilities, Weirdness & Mutations

You can walk on water.
Armour fits poorly on your strangely shaped body.


Message History

The yaktaur shoots a bolt.
The bolt hits Hilgar!!
The bolt freezes Hilgar.
You hit the wizard.
The wizard is poisoned.
The wizard is lightly wounded.
You hit the vault guard but do no damage.
Hilgar hits the ironbound convoker with a +1 great sword!
You block the vault guard's attack. The wizard hits you but does no damage.
Unknown command.
You slash the wizard!
The wizard looks as sick as possible!
The wizard is moderately wounded.
You hit the vault guard.
The ironbound convoker closely misses Hilgar.
The yaktaur shoots a bolt.
The bolt hits Hilgar!
The bolt freezes Hilgar.
Hilgar hits the ironbound convoker with a +1 great sword!
A deep elf high priest comes into view. It is wielding a +0 long sword.
You block the vault guard's attack.
You feel better.
The ironbound convoker is recalled.
The deep troll is recalled. x2; The yaktaur captain is recalled.
A deep troll comes into view.
An ironbound preserver comes into view. It is wielding a +0 flail.
An ironbound convoker comes into view. It is wielding a +0 mace.
The wizard's eyes start to glow.
The wizard gestures wildly while chanting.
The wizard blinks!
The ironbound convoker points at the ironbound convoker and mumbles some strange words.
The ironbound convoker seems to grow stronger.
The yaktaur shoots a bolt.
The bolt closely misses Hilgar.
You block the bolt.
Hilgar hits the ironbound convoker with a +1 great sword!!
The ironbound convoker dies!
Beogh accepts your kill. You block the vault guard's attack.
A yaktaur captain and a deep troll come into view.
Aiming: Smiting
Press: ? - help, Dir - move target, f - wizard, p - vault guard Smite: a wizard, wielding a +0 dagger and wearing a +0 robe (heavily wounded, strong, extremely poisoned, ally target)
You smite the wizard!
You kill the wizard!
Beogh accepts your kill.
The yaktaur shoots a bolt.
The bolt hits Hilgar!
The bolt freezes Hilgar.
The vault guard hits you with a +0 long sword!!
You die...

.......# #......##.#...>...#.#
..|_)..# #..^...##.##.....##.#
...|... #.....>##..##...##..#
###+#### #......##...##.##...#
....}..# #...)..##.pTp#.#....#
.......# #......##)ce).......#
'#####'###'###)###p####+######
...# #......#(†)ppT.# ..##
#......#..#@oc.# .##
#......#..#§§#.# '#
#......#§#§§§..# .#
#......#.#§§#..# .+
#......#.§.#...# .#
#......#.).....# .##
#......######### ..## #####'##
...# #.....


You could see an ironbound preserver, a yaktaur captain, a vault guard (strong,
very poisoned), 2 deep trolls, a deep elf high priest, 3 ironbound convokers, a
yaktaur and the friendly Hilgar the orc knight.

Vanquished Creatures
  Arachne (Spider:3)
  A tentacled monstrosity (Swamp:4)
  Frances (Spider:1)
  A thorn hunter (Swamp:4)
  3 ghost moths
  3 vault wardens (Vaults:1)
  The ghost of Ypolaimeny the Severer, a journeyman HOWz of Beogh (Spider:3)
  4 ghouls (Swamp:3)
  The ghost of Buinah the Eclecticist, a journeyman DjFE of Gozag (Lair:6)
  3 ironbound preservers (Vaults:1)
  Nessos (Lair:5)
  Azrael (Spider:2)
  2 bunyips
  2 entropy weavers
  A spark wasp (Spider:4)
  2 eleionomae
  Snorg (Orc:1)
  An ettin (Orc:1)
  A great orb of eyes (Vaults:1)
  3 yaktaur captains (Vaults:1)
  3 shambling mangroves (Swamp:4)
  2 vault guards (D:13)
  2 boulder beetles
  An ironbound thunderhulk (Vaults:1)
  3 ghost crabs
  2 ironbound frosthearts (Vaults:1)
  A spriggan air mage (Swamp:1)
  A merfolk avatar (Lair:6)
  22 hydras
  Erica (Orc:1)
  Erolcha (D:10)
  2 catoblepae
  7 alligators
  8 centaur warriors
  3 two-headed ogres
  3 death yaks (Lair:1)
  A tengu warrior (D:13)
  A spriggan berserker (Swamp:4)
  4 orc high priests (Orc:2)
  A soul eater (Orc:2)
  Nergalle (Lair:2)
  4 slime creatures
  A sixfirhy (Orc:2)
  3 goliath frogs
  An infernal demonspawn (Orc:2)
  4 deep trolls (Vaults:1)
  11 swamp dragons
  7 spriggan druids
  A torturous demonspawn (Orc:2)
  8 bog bodies
  A lindwurm (Vaults:1)
  18 orb spiders
  5 ironbound convokers (Vaults:1)
  3 wizards (Vaults:1)
  4 orc knights
  2 orc sorcerers (Orc:2)
  3 oklob plants
  2 will-o-the-wisps
  3 ugly things
  17 wolf spiders
  4 manticores
  A rust devil (Orc:2)
  3 cyclopes
  5 black mambas
  A centaur zombie (D:11)
  An ice statue (D:13)
  A torpor snail (Spider:1)
  3 vault sentinels (Vaults:1)
  13 elephants
  An orange demon (Orc:2)
  An unseen horror (D:11)
  12 cane toads
  2 gargoyles
  5 rime drakes
  A kobold demonologist (D:9)
  6 yaktaurs (Vaults:1)
  A tengu conjurer (D:9)
  2 demonic crawlers (Spider:1)
  15 komodo dragons
  2 ice devils (Orc:2)
  3 trolls
  A wind drake (Lair:6)
  29 jumping spiders
  5 polar bears
  26 hornets
  Prince Ribbit (D:5)
  20 blink frogs
  7 tyrant leeches
  5 dream sheep
  A snapping turtle (shapeshifter) (D:11)
  A shadow (D:12)
  A vampire (D:13)
  15 spriggans
  19 tarantellas
  5 wyverns
  49 redbacks
  2 wraiths
  36 yaks
  A steam dragon (D:9)
  Menkaure (D:6)
  13 vampire mosquitoes
  A neqoxec (Orc:2)
  A fire elemental (Spider:2)
  The ghost of lessens the Chiller, an amateur MfIE (D:4)
  13 swamp worms
  2 wargs
  2 hydra simulacra (Lair:6)
  8 swamp drakes
  16 water moccasins
  A hell hound (Spider:2)
  A sky beast (D:7)
  4 black bears
  2 hornet zombies
  14 orc warriors
  A black mamba simulacrum (Lair:6)
  3 necrophages
  9 ogres
  12 wolves
  A centaur (shapeshifter) (D:9)
  3 centaurs
  5 kobold brigands
  14 bullfrogs
  A gnoll sergeant (D:9)
  A cane toad simulacrum (Lair:6)
  3 scorpions
  A wyvern skeleton (D:6)
  3 killer bees (D:8)
  6 wights (D:9)
  4 electric eels
  4 howler monkeys
  A komodo dragon simulacrum (Lair:6)
  A bullfrog zombie (D:7)
  2 jellies (D:4)
  A gnoll shaman (D:5)
  15 orc priests
  A hound (D:5)
  5 iguanas
  Crazy Yiuf (D:2)
  Natasha (thrice) (D:2)
  7 orc wizards
  6 hell rats (D:9)
  Robin (D:4)
  10 gnolls
  9 adders
  2 white imps
  3 ufetubi
  2 adder skeletons (D:4)
  2 dart slugs
  A worm (D:4)
  17 orcs
  9 ball pythons
  10 bats
  8 endoplasms
  4 giant cockroaches
  17 goblins
  16 hobgoblins
  10 jackals
  19 kobolds
  3 quokkas
  2 frilled lizards
  6 rats
  A butterfly (Lair:1)
855 creatures vanquished.

Vanquished Creatures (collateral kills)
  Bai Suzhen (Spider:4)
  Aizul (Spider:3)
  2 vault wardens (Vaults:1)
  3 emperor scorpions
  2 spark wasps
  2 dire elephants (Lair:6)
  A rakshasa (D:13)
  5 vault guards
  A ghost crab (Spider:2)
  An ironbound thunderhulk (Vaults:1)
  A hydra (Lair:5)
  2 boulder beetles
  2 two-headed ogres
  A centaur warrior (D:13)
  An orc high priest (Orc:2)
  A dancing weapon (Spider:3)
  An ironbound beastmaster (Vaults:1)
  A deep troll (Vaults:1)
  2 ironbound convokers (Vaults:1)
  A necromancer (Vaults:1)
  2 orc knights
  16 wolf spiders
  12 orb spiders
  3 ugly things
  A cyclops (D:13)
  A slime creature (D:12)
  3 moths of wrath (Spider:4)
  A black mamba (Lair:6)
  A torpor snail (Spider:1)
  5 elephants (Lair:6)
  3 cane toads (Lair:6)
  Psyche (D:11)
  An unseen horror (D:13)
  5 yaktaurs (Vaults:1)
  7 demonic crawlers
  A komodo dragon (Lair:5)
  5 hornets
  8 jumping spiders
  A meliai (D:13)
  A tyrant leech (Spider:2)
  A wind drake (Lair:6)
  5 dream sheep (Lair:6)
  A stone giant simulacrum (Vaults:1)
  14 tarantellas
  24 redbacks
  3 wyverns
  3 fire elementals (Spider:2)
  4 yaks
  A wraith (D:11)
  A death yak simulacrum (Lair:6)
  A basilisk (D:13)
  3 vampire mosquitoes
  4 water moccasins
  4 orc warriors
  A wolf (Lair:5)
  3 centaurs
  3 bullfrogs (Lair:5)
  An electric eel (Spider:2)
  An orc wizard (Orc:1)
  A gnoll (Bailey)
  3 orcs
  A hobgoblin (Bailey)
  7 kobolds (Bailey)
  3 goblins (Bailey)
203 creatures vanquished.

Vanquished Creatures (others)
  3 orc high priests
  9 orc knights
  A wolf spider (Spider:1)
  2 bloated husks
  2 jumping spiders
  A tyrant leech (Spider:2)
  A redback (Spider:2)
  A fire elemental (Spider:2)
  5 vampire mosquitoes (Spider:2)
  11 orc warriors
  4 orc priests
  3 orc wizards
  19 orcs
  2 foxfires (Swamp:4)
  27 fungi
  60 plants
151 creatures vanquished.

Grand Total: 1209 creatures vanquished

Notes
Turn   | Place    | Note
-------+----------+-------------------------------------------
     0 | D:1      | avis the Hill Orc Monk began the quest for the Orb.
     0 | D:1      | Reached XP level 1. HP: 19/19 MP: 1/1
   121 | D:1      | Found a faded altar of an unknown god.
   128 | D:1      | Reached XP level 2. HP: 18/26 MP: 2/2
   324 | D:1      | Reached skill level 5 in Axes
   791 | D:1      | Reached XP level 3. HP: 27/31 MP: 3/3
  1632 | D:2      | You fall into a shaft and drop 1 floor!
  1933 | D:2      | Reached XP level 4. HP: 34/39 MP: 4/4
  1993 | D:2      | Noticed Natasha
  1998 | D:2      | Killed Natasha
  2010 | D:2      | Noticed Natasha
  2018 | D:2      | Killed Natasha
  2019 | D:2      | Reached XP level 5. HP: 43/45 MP: 5/5
  2560 | D:2      | Found a runed translucent door.
  2563 | D:2      | Noticed Crazy Yiuf
  2721 | D:2      | Noticed Natasha
  2735 | D:2      | Killed Natasha
  3021 | D:3      | Found a blossoming altar of Fedhas.
  3430 | D:3      | Reached XP level 6. HP: 52/52 MP: 6/6
  4411 | D:4      | Noticed Robin
  4432 | D:4      | Killed Robin
  4674 | D:4      | Noticed a black bear
  4680 | D:4      | Noticed a necrophage
  4695 | D:4      | Reached XP level 7. HP: 36/60 MP: 7/7
  4725 | D:4      | Reached skill level 5 in Fighting
  4729 | D:4      | Reached skill level 10 in Axes
  5131 | D:4      | Found a large runed translucent door.
  5132 | D:4      | Found a large runed translucent door.
  5135 | D:4      | Noticed lessens's ghost (amateur MfIE)
  5306 | D:4      | Became a worshipper of Beogh the Brigand
  5306 | D:4      | Reached * piety under Beogh
  5306 | D:4      | Reached ** piety under Beogh
  5662 | D:5      | Entered Level 5 of the Dungeon
  5823 | D:4      | Reached XP level 8. HP: 14/68 MP: 8/8
  6565 | D:5      | Noticed Prince Ribbit
  6618 | D:5      | Killed Prince Ribbit
  7075 | D:6      | Noticed Menkaure
  7255 | D:6      | Killed Menkaure
  7353 | D:6      | Reached skill level 1 in Invocations
  7353 | D:6      | Reached XP level 9. HP: 9/79 MP: 9/9
  7665 | D:6      | Found a staircase to the Ecumenical Temple.
  7704 | Temple   | Entered the Ecumenical Temple
  7766 | D:6      | Found Daush's Armour Boutique.
  7776 | D:6      | Reached skill level 2 in Invocations
  7788 | D:6      | Bought a +2 pair of gloves for 198 gold pieces
  8432 | D:7      | Reached skill level 3 in Invocations
  8465 | D:7      | Found Kidyhim's General Store.
  9217 | D:6      | Reached skill level 4 in Invocations
  9398 | D:7      | Bought a scroll of identify for 30 gold pieces
  9987 | D:8      | Noticed a manticore
  9998 | D:8      | HP: 3/82 [barbs]
 10458 | D:8      | Killed a manticore
 10459 | D:8      | Reached skill level 5 in Invocations
 10459 | D:8      | Reached XP level 10. HP: 49/90 MP: 12/14
 11039 | Temple   | Upgraded the game from 0.27-a0-1308-gc08437e49b to
                  | 0.27-a0-1312-g5cdb2b3542
 11183 | D:9      | Noticed a kobold demonologist
 11188 | D:9      | Killed a kobold demonologist
 11229 | D:9      | Paralysed by a hornet for 2 turns
 11238 | D:9      | Reached skill level 15 in Axes
 11238 | D:9      | Reached skill level 6 in Invocations
 11568 | D:9      | Noticed a boulder beetle
 11585 | D:8      | Killed a boulder beetle
 11586 | D:8      | Reached skill level 7 in Invocations
 12012 | D:9      | Noticed a cyclops
 12021 | D:9      | Noticed a purple ugly thing
 12031 | D:9      | Killed a cyclops
 12035 | D:9      | Killed a purple ugly thing
 12036 | D:9      | Reached skill level 10 in Fighting
 12036 | D:9      | Reached XP level 11. HP: 35/99 MP: 16/16
 12427 | D:9      | Reached skill level 8 in Invocations
 12507 | D:9      | Noticed a centaur warrior
 12523 | D:9      | Killed a centaur warrior
 13088 | D:9      | Found a staircase to the Lair.
 13138 | D:9      | Noticed a manticore
 13139 | D:9      | Noticed a catoblepas
 13143 | D:9      | Killed a manticore
 13144 | D:9      | Reached skill level 1 in Armour
 13151 | D:9      | Killed a catoblepas
 13152 | D:9      | Reached skill level 9 in Invocations
 13556 | D:9      | Found a sparkling altar of Nemelex Xobeh.
 13556 | D:9      | Found a shimmering altar of Xom.
 13556 | D:9      | Found a stormy altar of Qazlal.
 13556 | D:9      | Found a glowing silver altar of Zin.
 13945 | D:9      | Found a staircase to the Orcish Mines.
 14351 | Lair:1   | Entered Level 1 of the Lair of Beasts
 14579 | D:9      | Reached *** piety under Beogh
 15048 | Lair:1   | Reached skill level 1 in Shields
 15618 | Lair:1   | Reached skill level 10 in Invocations
 15921 | Lair:1   | Reached XP level 12. HP: 106/106 MP: 19/19
 16833 | Lair:2   | Noticed a death yak
 16833 | Lair:2   | Noticed a death yak
 16833 | Lair:2   | Noticed a death yak
 16867 | Lair:1   | Killed a death yak
 16868 | Lair:1   | Reached skill level 5 in Armour
 17581 | Lair:1   | Killed a death yak
 17847 | Lair:1   | Killed a death yak
 18453 | Lair:2   | Noticed Nergalle
 18479 | Lair:2   | Killed Nergalle
 19174 | Lair:2   | Found a staircase to the Swamp.
 20035 | Lair:3   | Reached skill level 10 in Armour
 20109 | Lair:3   | Reached skill level 1 in Evocations
 20163 | Lair:3   | Found a hazy altar of Hepliaklqana.
 20164 | Lair:3   | Noticed a seven-headed hydra
 20177 | Lair:3   | Killed a seven-headed hydra
 20178 | Lair:3   | Reached XP level 13. HP: 92/114 MP: 20/20
 20832 | Lair:3   | Identified the +0 pair of boots of the Hidden Lives {Harm}
 20902 | Lair:3   | Reached skill level 5 in Dodging
 22731 | Lair:4   | Found a hole to the Spider Nest.
 22976 | Lair:4   | Reached skill level 5 in Evocations
 24357 | D:10     | Entered Level 10 of the Dungeon
 24420 | D:10     | Reached **** piety under Beogh
 24570 | D:10     | Noticed Erolcha
 24588 | D:10     | Killed Erolcha
 24700 | D:10     | Identified the +1 leather armour of Tenacity {rElec rN+
                  | Stlth+}
 24919 | Lair:5   | Reached skill level 11 in Invocations
 24928 | Lair:5   | Reached XP level 14. HP: 80/130 MP: 22/22
 25222 | Lair:5   | Found a viscous altar of Jiyva.
 25223 | Lair:5   | Found a staircase to the Slime Pits.
 25691 | Lair:5   | Noticed Nessos
 25700 | Lair:5   | Killed Nessos
 27376 | D:11     | Noticed Psyche
 27382 | D:11     | Killed Psyche
 27473 | D:11     | Reached skill level 12 in Invocations
 27476 | D:11     | Reached skill level 15 in Fighting
 28428 | Lair:6   | Entered Level 6 of the Lair of Beasts
 28615 | Lair:6   | Noticed a dire elephant
 28619 | Lair:6   | Gained Korbok as an ally
 28627 | Lair:6   | Killed a dire elephant
 28920 | Lair:6   | Noticed a dire elephant
 28931 | Lair:6   | Killed a dire elephant
 29152 | Lair:6   | Reached ***** piety under Beogh
 29161 | Lair:6   | Found a runed translucent gate.
 29164 | Lair:6   | Found a runed translucent gate.
 29222 | Lair:6   | Reached skill level 13 in Invocations
 29237 | Lair:6   | Noticed Buinah's ghost (journeyman DjFE)
 29479 | Orc:1    | Entered Level 1 of the Orcish Mines
 29509 | Orc:1    | Found a flagged portal.
 29550 | Bailey   | Entered a bailey
 30451 | Lair:6   | Gained Warbeogh as an ally
 30954 | Lair:6   | Identified the +1 quarterstaff of Foolhardiness {spect,
                  | rF+}
 30960 | Lair:6   | Identified the +4 falchion "Cooziely" {flame, rF+ Str+3
                  | Dex+4 Stlth+}
 31010 | Lair:6   | Reached skill level 14 in Invocations
 31319 | Lair:6   | Found a runed translucent gate.
 31448 | Lair:6   | Killed Buinah's ghost
 31454 | Lair:6   | Reached XP level 15. HP: 31/140 MP: 20/25
 31927 | Lair:6   | Identified the ring "Kiahafyehe" {Fire rElec Int+2 Slay+2
                  | SInv}
 32220 | D:4      | Killed lessens's ghost
 32343 | D:2      | Killed Crazy Yiuf
 32615 | Spider:1 | Entered Level 1 of the Spider Nest
 32630 | Spider:1 | Identified the +7 chain mail "Qoacs" {SInv}
 33104 | Spider:1 | Noticed Frances
 33118 | Spider:1 | Killed Frances
 33119 | Spider:1 | Reached skill level 15 in Invocations
 33531 | Spider:1 | Gained Arbolt as an ally
 34237 | Spider:1 | Reached skill level 5 in Shields
 34905 | Spider:2 | Gained Zorug as an ally
 35402 | Orc:1    | Noticed Snorg
 35413 | Orc:1    | Killed Snorg
 35466 | Orc:1    | Found Keamidez's Weapon Shoppe.
 35471 | Orc:1    | Found Hall's Gadget Gallery.
 35524 | Orc:1    | Found Xisoelof's Antique Armour Boutique.
 35539 | Orc:1    | Found Gofesewk's Antique Weapon Boutique.
 35653 | Orc:1    | Bought a pair of faintly glowing gloves for 361 gold pieces
 35653 | Orc:1    | Identified the +4 pair of gloves "Naz Loph" {Rampage rPois
                  | Dex+3} (You bought it in a shop on level 1 of the Orcish
                  | Mines)
 35663 | Orc:1    | Bought a pair of runed boots for 285 gold pieces
 35952 | Spider:2 | Gained Bladwarg as an ally
 36443 | Spider:2 | Noticed an emperor scorpion
 36470 | Spider:2 | Killed an emperor scorpion
 36765 | Spider:2 | Noticed Azrael
 36794 | Spider:2 | Your ally Warbeogh died
 36795 | Spider:2 | Killed Azrael
 36795 | Spider:2 | Reached ****** piety under Beogh
 37092 | Orc:2    | Entered Level 2 of the Orcish Mines
 37186 | Orc:2    | Found a roughly hewn altar of Beogh.
 37273 | Orc:2    | Found a staircase to the Elven Halls.
 37321 | Orc:1    | Noticed Erica
 37324 | Orc:1    | Paralysed by Erica for 3 turns
 37334 | Orc:1    | Killed Erica
 38352 | Spider:2 | Gained Bogbrand as an ally
 39002 | Spider:3 | Noticed a ghost moth
 39211 | Spider:2 | Killed a ghost moth
 39212 | Spider:2 | Reached XP level 16. HP: 119/149 MP: 2/27
 40213 | Spider:3 | Gained Marbaugh as an ally
 40262 | Spider:3 | Noticed Arachne
 40270 | Spider:3 | Killed Arachne
 40271 | Spider:3 | Reached skill level 10 in Shields
 40460 | Spider:3 | Found a runed translucent door.
 40460 | Spider:3 | Found a shimmering altar of Xom.
 40460 | Spider:3 | Noticed Ypolaimeny's ghost (journeyman HOWz)
 40972 | Spider:3 | Noticed Aizul
 40986 | Spider:3 | Killed Aizul
 41386 | Spider:3 | Killed Ypolaimeny's ghost
 41430 | Spider:4 | Entered Level 4 of the Spider Nest
 41438 | Spider:4 | Gained Wulfoc as an ally
 41907 | Spider:3 | Your ally Bladwarg died
 43189 | Spider:4 | Your ally Bogbrand died
 43589 | Spider:4 | Your ally Korbok died
 43629 | Spider:4 | Noticed Bai Suzhen
 43994 | Spider:4 | Killed Bai Suzhen
 44195 | Spider:4 | Your ally Wulfoc died
 44607 | Spider:4 | Reached skill level 15 in Armour
 44634 | Spider:4 | Your ally Zorug died
 44641 | Spider:4 | Reached XP level 17. HP: 54/156 MP: 2/28
 44673 | Spider:4 | Got a gossamer rune of Zot
 45639 | Orc:2    | Found Zutzyomese's Magic Scroll Shop.
 45706 | Orc:2    | Gained Jorge as an ally
 45997 | Orc:2    | Found Senad's Magic Scroll Boutique.
 46129 | Orc:2    | Bought a scroll of blinking for 97 gold pieces
 46129 | Orc:2    | Bought a scroll of noise for 13 gold pieces
 46129 | Orc:2    | Bought a scroll of vulnerability for 97 gold pieces
 46154 | Orc:2    | Gained mutation: Armour fits poorly on your strangely
                  | shaped body. [a neqoxec]
 46157 | Orc:2    | Gained Thorok as an ally
 46230 | Orc:2    | Bought a scroll of identify for 26 gold pieces
 46230 | Orc:2    | Bought a scroll of identify for 26 gold pieces
 46232 | Orc:2    | Bought a scroll of torment for 127 gold pieces
 46232 | Orc:2    | Bought a scroll of identify for 34 gold pieces
 46232 | Orc:2    | Bought a scroll of identify for 34 gold pieces
 46232 | Orc:2    | Bought a scroll of identify for 34 gold pieces
 46232 | Orc:2    | Bought a scroll of enchant weapon for 127 gold pieces
 46232 | Orc:2    | Bought a scroll of enchant weapon for 127 gold pieces
 46290 | Orc:2    | HP: 3/154 [orc priest/divine providence (10)]
 46890 | Orc:2    | Found Mosecs's Book Emporium.
 46890 | Orc:2    | Found Miog's Antique Weapon Shoppe.
 46890 | Orc:2    | Found a one-way gate leading to the halls of Pandemonium.
 47567 | Orc:2    | Bought a twisted scythe for 160 gold pieces
 47567 | Orc:2    | Identified the +8 scythe "Ineposho" {speed, rCorr Int+4
                  | Dex+3 Stlth-} (You bought it in a shop on level 2 of the
                  | Orcish Mines)
 47920 | Orc:2    | Bought a runed war axe for 130 gold pieces
 47992 | Orc:1    | Bought a glowing war axe for 247 gold pieces
 48142 | Swamp:1  | Entered Level 1 of the Swamp
 48905 | Swamp:1  | Reached skill level 15 in Shields
 49261 | Swamp:1  | Identified a scroll of acquirement
 49572 | Swamp:1  | Acquired 910 gold pieces
 51247 | Swamp:3  | Found a transporter.
 51284 | Swamp:3  | Found a transporter.
 51578 | Swamp:3  | Reached skill level 16 in Invocations
 52027 | Swamp:4  | Entered Level 4 of the Swamp
 53042 | Swamp:4  | Reached skill level 17 in Invocations
 53420 | Swamp:4  | Noticed a tentacled monstrosity
 53441 | Swamp:4  | Killed a tentacled monstrosity
 53514 | Swamp:4  | Reached XP level 18. HP: 84/163 MP: 30/30
 53992 | Swamp:4  | Reached skill level 18 in Invocations
 55368 | Swamp:4  | Got a decaying rune of Zot
 57010 | D:13     | Reached skill level 19 in Invocations
 57015 | D:13     | Found Wahisime's Distillery.
 57041 | D:13     | Found a gate to the Vaults.
 58026 | Vaults:1 | Entered Level 1 of the Vaults
 58689 | Vaults:1 | Reached skill level 20 in Invocations
 58689 | Vaults:1 | Reached skill level 10 in Evocations
 59146 | Vaults:1 | Found a runed translucent door.
 59146 | Vaults:1 | Found a shimmering altar of Xom.
 59146 | Vaults:1 | Noticed mantisjm's ghost (veteran HOFi)
 59278 | Vaults:1 | Reached XP level 19. HP: 137/170 MP: 33/33
 59281 | Vaults:1 | Gained Hilgar as an ally
 59389 | Vaults:1 | Slain by a vault guard

Illustrated notes

Levels and vault maps discovered:
D:1:      dpeg_arrival_short_road, layout_loops_cross,
          hellmonk_ecumenical_altar_dog_temple, minmay_fountain_box
D:2:      layout_rooms, minmay_misc_feat_chi, hex_medium, uniq_natasha,
          uniq_crazy_yiuf_cottage
D:3:      minmay_razor_zed, layout_basic, lemuel_doored_altar,
          due_unseen_surprise
D:4:      layout_loops_ring, ebering_ghost_disaster_area, minmay_pentangle,
          uniq_robin
D:5:      layout_rooms, uniq_prince_ribbit1
D:6:      layout_cave_pools, minmay_temple_entry_grid, serial_shops, shop,
          minmay_starry_boxes, uniq_menkaure
D:7:      layout_cave_pools, serial_shops, nicolae_shop_trees,
          serial_column_ruins, column_ruins_circle_medium, column_ruins_grid_2,
          column_ruins_grid_1, column_ruins_columns_dead_end,
          column_ruins_grid_1, column_ruins_open_small,
          column_ruins_columns_corner, column_ruins_corridor_straight,
          minivault_14, eino_small_chamber_without_monster
D:8:      layout_rooms
D:9:      minmay_the_grid_4x2 [minmay_the_grid_gridbox,
          minmay_the_grid_odd_star, minmay_the_grid_outer_diamond,
          minmay_the_grid_large_cup, minmay_the_grid_tree,
          minmay_the_grid_embedded, minmay_the_grid_diamond_grid,
          minmay_the_grid_prize_inner_circle], layout_loops_ring,
          grunt_temple_overflow_cloverleaf, lair_entry_dummy,
          chequers_hall_statues_corner_a, nicolae_lava_and_water
D:10:     layout_rooms, uniq_erolcha
D:11:     layout_layer_cave, uniq_psyche
D:12:     layout_loops_ring
D:13:     minmay_statue_hallways, layout_basic,
          lightli_vaults_fourway_checkpoint, serial_shops, shop
Temple:   minmay_crystal_spiral_temple
Lair:1:   layout_small_grid, serial_bayou_shore_a, lemuel_fruit_fields,
          serial_bayou_shore_b, serial_bayou_shore_b
Lair:2:   layout_cave_pods, skrybe_swamp_entry_bodies, beast_lair_carwin_10,
          uniq_nergalle
Lair:3:   nzn_winding_woodlands_small [nzn_winding_woodlands_5x15_pool,
          nzn_winding_woodlands_center_diamonds,
          nzn_winding_woodlands_5x15_cabin], layout_regular_city, basic_altar,
          minmay_lair_oklob_chamber
Lair:4:   layout_layer_cave, spider_nest_entry_web_field, grunt_megastairs_3
Lair:5:   layout_cave_pods, slime_altar_1, st_stairs_3, grunt_megastairs_1,
          uniq_nessos
Lair:6:   gammafunk_lair_ancient_temple, layout_regular_city,
          gammafunk_ghost_icy
Swamp:1:  nicolae_swamp_long_stream, layout_falls_marsh,
          evilmike_swamp_ruin_rubble_1
Swamp:2:  layout_basic_swamp, evilmike_swamp_ruin_rubble_2,
          nicolae_swamp_little_swirl
Swamp:3:  gammafunk_worm_tunnel, layout_basic_swamp, nicolae_swamp_bean_lake
Swamp:4:  swamp_basic_johnstein, layout_basic_swamp, swamp_pool1,
          infiniplex_staircase_pool_2
Spider:1: layout_spider_delve, hangedman_spider_tarantella_strand, uniq_frances
Spider:2: layout_spider_delve, drop_trap, nicolae_spider_swamp_cousins,
          uniq_azrael
Spider:3: layout_spider_delve, ebering_ghost_xom, uniq_aizul, uniq_arachne
Spider:4: grunt_spider_rune_parallel, nicolae_spider_orb_run, uniq_bai_suzhen
Orc:1:    layout_diamond_mine, enter_bailey_2, serial_shops,
          nicolae_shop_overgrown_old_shop, nicolae_shop_stone, shop,
          nicolae_shop_gadgets, uniq_erica, uniq_snorg
Orc:2:    pf_orc_diabolical, layout_caves, basic_altar
Vaults:1: ebering_vaults_ghost_xom, nicolae_vaults_arrows, grunt_vaults_focal,
          hangedman_vaults_locks, nicolae_vaults_little_squares_3,
          nicolae_vaults_network_periphery, vaults_dpeg_encased_lava,
          nicolae_vaults_mini_display_case, serial_ice_g,
          vaults_standard_mumra_enter_the_diamond, st_cells,
          hangedman_vaults_corner_blocks, layout_vaults_maze_bifur

Skill      XL: |  1  2  3  4  5  6  7  8  9 10 11 12 13 14 15 16 17 18 19 |
---------------+----------------------------------------------------------+-----
Axes           | 5 6 7 8 9 11 13 14 16 17 18 | 18.0
Fighting       | 4 5 7 8 10 13 15 16 | 16.4
Invocations    | 1 5 7 10 11 14 15 17 20 | 20.0
Armour         | 4 10 11 13 15 | 15.0
Shields        | 3 4 9 13 15 | 15.0
Dodging        | 4 5 |  5.0
Evocations     | 1 5 7 10 | 10.0
Stealth        | |  1.5

Action                   |  1- 3 |  4- 6 |  7- 9 | 10-12 | 13-15 | 16-18 | 19-21 || total
-------------------------+-------+-------+-------+-------+-------+-------+-------++-------
Melee: Hand axe          |    49 |   246 |       |       |       |       |       ||   295
       Dagger            |    75 |     1 |       |       |       |       |       ||    76
       Battleaxe         |       |    13 |   286 |   167 |       |       |       ||   466
       Mace              |       |       |     5 |       |       |       |       ||     5
       War axe           |       |       |       |   370 |  1012 |  1250 |    89 ||  2721
       Flail             |       |       |       |    29 |    69 |       |       ||    98
       Morningstar       |       |       |       |       |       |   109 |       ||   109
 Fire: Hunting sling     |       |    54 |       |       |       |       |       ||    54
Throw: Javelin           |       |     8 |       |    26 |       |       |       ||    34
       Dart              |       |     3 |    27 |       |       |       |       ||    30
       Boomerang         |       |       |     6 |       |    40 |       |       ||    46
Invok: Convert to Beogh  |       |       |     1 |       |       |       |       ||     1
       Smiting           |       |       |     3 |    13 |    14 |    11 |     3 ||    44
       Recall Orcish Fol |       |       |       |       |    15 |    28 |       ||    43
       Give Item to Name |       |       |       |       |     6 |     4 |       ||    10
       Stop Recall       |       |       |       |       |     5 |    10 |       ||    15
       Resurrection      |       |       |       |       |     1 |     2 |       ||     3
Evoke: Wand              |       |       |       |     3 |    19 |     9 |       ||    31
  Use: Potion            |       |     1 |     2 |     4 |     5 |     7 |     1 ||    20
       Scroll            |       |       |     6 |     3 |    10 |    12 |       ||    31
 Stab: Sleeping          |     4 |     1 |       |       |       |       |       ||     5
       Distracted        |       |       |       |       |    15 |     9 |     3 ||    27
       Petrified         |       |       |       |       |     6 |     2 |       ||     8
       Confused          |       |       |       |       |       |     1 |       ||     1
       Petrifying        |       |       |       |       |       |     1 |       ||     1
Armor: Robe              |    26 |     2 |       |       |       |       |       ||    28
       Ring mail         |       |    14 |       |       |       |       |       ||    14
       Chain mail        |       |    90 |    21 |       |   302 |   620 |    30 ||  1063
       Crystal plate arm |       |       |   214 |   406 |   480 |       |       ||  1100
Dodge: Dodged            |    87 |   113 |    58 |   138 |   459 |   640 |    28 ||  1523
Block: Buckler           |       |       |       |    76 |   198 |       |       ||   274
       Kite shield       |       |       |       |       |   156 |   883 |    46 ||  1085

Table legend: (Time is in decaauts)
 A = Elapsed time spent in this place.
 B = Non-inter-level travel time spent in this place.
 C = Inter-level travel time spent in this place.
 D = Time resting spent in this place.
 E = Time spent auto-exploring this place.
 F = Levels seen in this place.
 G = Mean time per level.
                   A        B        C        D        E       F      G
               +--------+--------+--------+--------+--------+-----+--------+
         Total |  58989 |  49307 |   9682 |  21107 |  14255 |  32 | 1843.4 |
       Dungeon |  21395 |  18413 |   2982 |   8004 |   6311 |  13 | 1645.8 |
        Temple |     50 |     49 |      1 |      0 |      0 |   1 |   50.0 |
          Lair |  16763 |  12944 |   3819 |   5305 |   4391 |   6 | 2793.8 |
         Swamp |   6718 |   6066 |    652 |   3351 |   1287 |   4 | 1679.5 |
   Spider Nest |   8755 |   7360 |   1395 |   3349 |   1486 |   4 | 2188.8 |
  Orcish Mines |   3816 |   2985 |    831 |    779 |    436 |   2 | 1908.0 |
        Vaults |    999 |    999 |      0 |    237 |    344 |   1 |  999.0 |
        Bailey |    491 |    491 |      0 |     82 |      0 |   1 |  491.0 |
               +--------+--------+--------+--------+--------+-----+--------+

Top non-repeatable levels by time:
  Lair:1: 4252 daAuts
     D:9: 3893 daAuts
Spider:2: 3221 daAuts
  Lair:4: 3121 daAuts
  Lair:3: 2861 daAuts
  Lair:2: 2728 daAuts
Spider:1: 2625 daAuts
     D:4: 2324 daAuts
 Swamp:4: 2280 daAuts
  Lair:5: 2105 daAuts
   Orc:2: 2038 daAuts
     D:6: 1789 daAuts
   Orc:1: 1778 daAuts
  Lair:6: 1694 daAuts
 Swamp:3: 1659 daAuts
